 Dungeon Crawl Stone Soup version 0.31-a0-234-gad7ace16ef (webtiles) character file.

Game seed: 6849702844997619451

747 qw the Shooter (level 7, -9/44 HPs)
             Began as a Gargoyle Hexslinger on July 9, 2023.
             Mangled by an ogre
             ... wielding a +0 giant spiked club
              (14 damage)
             ... on level 5 of the Dungeon.
             The game lasted 00:01:44 (3377 turns).

qw the Shooter (Gargoyle Hexslinger)                Turns: 3377, Time: 00:01:45

Health: -9/44      AC: 10    Str: 12    XL:     7   Next: 77%
Magic:  0/8        EV: 15    Int: 13    God:
Gold:   128        SH:  0    Dex: 14    Spells: 7/8 levels left

rFire   . . .        Y - +0 sling (flame)
rCold   . . .        (no shield)
rNeg    + . .        f - +0 ring mail
rPois   inf          (no helmet)
rElec   +            (no cloak)
rCorr   .            (no gloves)
SInv    .            (no boots)
Will    .....        g - amulet of guardian spirit
Stlth   +            c - +5 ring of evasion
HPRegen 0.27/turn    (no ring)
MPRegen 0.11/turn

%: clarity, guardian spirit
@: about to teleport
A: sickness immunity, AC +4, negative energy resistance 1, electricity
resistance, torment resistance 1, petrification resistance, clarity
a: no special abilities


You were on level 5 of the Dungeon.
You visited 1 branch of the dungeon, and saw 5 of its levels.

You collected 128 gold pieces.


Innate Abilities, Weirdness & Mutations

You are immune to sickness and miasma.
Your stone body is resilient. (AC +4)
You are immune to poison.
You resist negative energy. (rN+)
You are resistant to electric shocks. (rElec)
You are resistant to unholy torment.
You are immune to petrification.
You possess an exceptional clarity of mind.


   Skills:
 - Level 4.6 Fighting
 + Level 7.3 Ranged Weapons
 - Level 1.0 Armour
 - Level 1.5 Dodging
 - Level 1.0 Spellcasting
 - Level 2.6 Hexes


You had 7 spell levels left.
You knew the following spells:

 Your Spells              Type           Power      Damage    Failure   Level
a - Slow                  Hex            28%        N/A       22%         1

Your spell library contained the following spells:

 Spells                   Type           Power      Damage    Failure   Level
 Inner Flame              Hex/Fire       4%         N/A       73%         3
 Portal Projectile        Hex/Tloc       8%         N/A       73%         3
 Cause Fear               Hex            3%         N/A       91%         4

Inventory:

Hand Weapons
 Y - a +0 sling of flaming (weapon)
Armour
 f - a +0 ring mail (worn)
Jewellery
 c - a +5 ring of evasion (left hand)
 g - an amulet of guardian spirit (around neck)
Scrolls
 e - a scroll of identify
 i - a scroll of teleportation
Potions
 a - a potion of enlightenment
 b - 2 potions of curing
 d - a potion of mutation
 h - a potion of cancellation
 j - a potion of haste
 k - a potion of heal wounds {unknown}
 l - a potion of magic {unknown}

Dungeon Overview and Level Annotations

Branches:
Dungeon (5/15)
 Temple: D:4-7

Altars:


Message History

The sling bullet burns the iguana.
The iguana is heavily wounded.
The iguana closely misses you.
You shoot a sling bullet. The sling bullet hits the iguana.
The sling bullet burns the iguana.
The iguana is severely wounded.
The iguana closely misses you. The iguana bites you.
You shoot a sling bullet.
The sling bullet closely misses the iguana.
The iguana completely misses you.
You shoot a sling bullet. The sling bullet hits the iguana.
The sling bullet burns the iguana.
You kill the iguana!
You shoot a sling bullet. The sling bullet hits the ogre.
The sling bullet burns the ogre.
The ogre is lightly wounded.
The ogre misses you.
You shoot a sling bullet.
The sling bullet hits the ogre but does no damage.
The ogre is lightly wounded.
The ogre hits you with a +0 giant spiked club!
You shoot a sling bullet.
The sling bullet barely misses the ogre.
The ogre closely misses you.
You shoot a sling bullet. The sling bullet hits the ogre.
The sling bullet burns the ogre.
The ogre is moderately wounded.
You shoot a sling bullet. The sling bullet hits the ogre.
The sling bullet burns the ogre.
The ogre is moderately wounded.
The ogre hits you with a +0 giant spiked club!!
3376 ||| READING 2 scrolls of teleportation.
As you read the scroll of teleportation, it crumbles to dust.
You feel strangely unstable. The ogre barely misses you.
You shoot a sling bullet.
The sling bullet hits the ogre but does no damage.
The ogre is moderately wounded.
The ogre hits you with a +0 giant spiked club!
You die...

#########
........########
#.#####.#......# #.#
#.#.####.### #.#
#.#.#....#.. #.#
#.#......#.#
#.#####.#####..#.#
#.....#.....#..#.#
#####.#<#...#..#@##.###
#..<.....)...O......
#.#....>...#.##.####
#.#.....#..#.# ..
#.###.#.?..#.# ... #.#
#.#.##.#.# .. #.#
#.#.##...+ . #.#
#.####...# #. #.# #.#.#


You could see an ogre.

Vanquished Creatures
  An ogre (D:4)
  2 phantoms (D:4)
  3 hounds
  Jessica (D:3)
  4 iguanas
  Natasha (thrice) (D:3)
  3 orc wizards (D:3)
  5 adders
  3 worms (D:2)
  A dart slug (D:4)
  8 orcs
  8 bats
  7 endoplasms
  5 giant cockroaches
  6 goblins
  12 hobgoblins
  3 jackals (D:2)
  6 kobolds
  2 quokkas
  9 ball pythons
  3 frilled lizards
  5 rats
100 creatures vanquished.

Notes
Turn   | Place    | Note
-------+----------+-------------------------------------------
     0 | D:1      | qw the Gargoyle Hexslinger began the quest for the Orb.
     0 | D:1      | Reached XP level 1. HP: 12/12 MP: 2/2
     0 | D:1      | 0 ||| qw: Version: 0.3-a-51-g015441d
     0 | D:1      | 0 ||| qw: Game counter: 4198
     0 | D:1      | 0 ||| qw: Melee chars always use a shield: true
     0 | D:1      | 0 ||| qw: God list: Okawaru
     0 | D:1      | 0 ||| qw: Allow faded altars: false
     0 | D:1      | 0 ||| qw: Do Orc after clearing Dungeon:15 true
     0 | D:1      | 0 ||| qw: Do second Lair branch before Depths: true
     0 | D:1      | 0 ||| qw: Lair rune preference: random
     0 | D:1      | 0 ||| qw: Goals: Normal
     0 | D:1      | 0 ||| PLANNING D:1-11
    46 | D:1      | Reached XP level 2. HP: 16/16 MP: 3/3
   132 | D:1      | Reached skill level 3 in Ranged Weapons
   198 | D:1      | HP: 4/16 [ball python (3)]
   407 | D:1      | 407 ||| SWAPPING to +0 sling of flaming.
   408 | D:1      | 408 ||| DROPPING +1 sling.
   433 | D:1      | Reached XP level 3. HP: 21/21 MP: 4/4
   633 | D:1      | 633 ||| UPGRADING to +0 leather armour.
   643 | D:1      | 643 ||| DROPPING +0 robe.
   644 | D:1      | 644 ||| UPGRADING to +0 ring mail.
   654 | D:1      | 654 ||| DROPPING +0 leather armour.
   655 | D:1      | 655 ||| READING scroll labelled WEROUM UMUIN.
   656 | D:1      | 656 ||| READING scroll labelled OQYES EHUPTUJY.
   657 | D:1      | 657 ||| DROPPING scroll of poison.
   709 | D:2      | You fall into a shaft and drop 1 floor!
   733 | D:3      | 733 ||| UPGRADING to +5 ring of evasion.
   734 | D:3      | 734 ||| READING scroll labelled NIUDUE BERIE.
   945 | D:2      | Reached XP level 4. HP: 25/26 MP: 5/5
   960 | D:2      | Reached skill level 4 in Ranged Weapons
  1063 | D:2      | Reached skill level 1 in Armour
  1406 | D:2      | 1406 ||| UPGRADING to amulet of guardian spirit.
  1411 | D:2      | 1411 ||| READING scroll labelled IMAEPS TUSOO.
  1416 | D:2      | 1416 ||| READING scroll labelled ZAUTENO DAET.
  1417 | D:2      | 1417 ||| DRINKING 4 glowing emerald potions.
  1451 | D:3      | Noticed Natasha
  1464 | D:3      | Killed Natasha
  1486 | D:3      | Noticed Natasha
  1489 | D:3      | Killed Natasha
  1490 | D:3      | Reached XP level 5. HP: 21/30 MP: 4/6
  1640 | D:3      | Reached skill level 5 in Ranged Weapons
  1737 | D:3      | Noticed Natasha
  1745 | D:3      | Killed Natasha
  1853 | D:3      | 1853 ||| Stepping ~*~*~tactically~*~*~ (outnumbered).
  1865 | D:3      | Reached skill level 3 in Fighting
  1865 | D:3      | Reached XP level 6. HP: 34/37 MP: 5/7
  2092 | D:3      | Noticed Jessica
  2093 | D:3      | 2093 ||| Stepping ~*~*~tactically~*~*~ (outnumbered).
  2095 | D:3      | 2095 ||| Stepping ~*~*~tactically~*~*~ (outnumbered).
  2104 | D:3      | Killed Jessica
  2340 | D:3      | 2340 ||| DRINKING 3 potions of curing.
  2340 | D:3      | 2340 ||| (to cure confusion)
  2471 | D:3      | 2471 ||| DRINKING 2 purple potions.
  2522 | D:4      | Reached skill level 6 in Ranged Weapons
  2626 | D:4      | 2626 ||| STAIRDANCE
  2687 | D:4      | Reached XP level 7. HP: 37/44 MP: 5/8
  3033 | D:4      | Reached skill level 7 in Ranged Weapons
  3276 | D:4      | 3276 ||| READING scroll labelled ZILISO ROELLOY.
  3277 | D:4      | 3277 ||| READING 3 scrolls labelled FARILI PUNIX.
  3278 | D:4      | 3278 ||| DRINKING 2 white potions.
  3278 | D:4      | Gained mutation: You possess an exceptional clarity of
                  | mind. [potion of mutation]
  3279 | D:4      | 3279 ||| READING 3 scrolls of identify.
  3279 | D:4      | 3279 ||| IDENTIFYING blue potion
  3280 | D:4      | 3280 ||| READING 2 scrolls of identify.
  3280 | D:4      | 3280 ||| IDENTIFYING fuming clear potion
  3281 | D:4      | 3281 ||| DROPPING 2 scrolls of fear.
  3310 | D:5      | Entered Level 5 of the Dungeon
  3375 | D:5      | HP: 5/44 [ogre/+0 giant spiked club (21)]
  3376 | D:5      | 3376 ||| READING 2 scrolls of teleportation.
  3377 | D:5      | Mangled by an ogre

Levels and vault maps discovered:
D:1:      dpeg_arrival_morbid_curiosity, layout_basic
D:2:      layout_loops_ring, hangedman_abyss_or_decor_stabs,
          minmay_fractal_squares_5
D:3:      layout_basic, uniq_natasha, uniq_jessica
D:4:      minmay_evil_eye, layout_loops_ring
D:5:      layout_basic, nicolae_titane

Skill      XL: |  1  2  3  4  5  6  7 |
---------------+----------------------+-----
Ranged Weapons | 3 4 5 6 7 |  7.3
Fighting       | 2 3 4 |  4.6
Armour         | 1 |  1.0
Dodging        | |  1.5
Spellcasting   | |  1.0
Hexes          | |  2.6

Action                     |  1- 3 |  4- 6 |  7- 9 || total
---------------------------+-------+-------+-------++-------
   Fire: Sling             |   139 |   247 |    97 ||   483
    Use: Scroll            |     3 |     2 |     5 ||    10
         Potion            |       |     3 |     1 ||     4
 Armour: Robe              |    24 |       |       ||    24
         Ring mail         |    28 |    74 |    18 ||   120
  Dodge: Dodged            |    75 |   148 |    58 ||   281

Table legend:
 A = Non-vault XP
 B = Vault XP
 C = Vault XP percentage of total XP
 D = Non-vault monster count
 E = Vault monster count
 F = Vault count percentage of total count
                 A         B        C        D         E       F
            +---------+---------+-------+---------+---------+-------
      Total |     940 |     128 |  12.0 |      81 |      19 |  19.0
            +---------+---------+-------+---------+---------+-------
        D:1 |      34 |      10 |  22.7 |      21 |       5 |  19.2
        D:2 |      55 |      26 |  32.1 |      21 |       7 |  25.0
        D:3 |     291 |      72 |  19.8 |      17 |       2 |  10.5
        D:4 |     520 |      20 |   3.7 |      20 |       5 |  20.0
        D:5 |      40 |       0 |   0.0 |       2 |       0 |   0.0
            +---------+---------+-------+---------+---------+-------
